 Dungeon Crawl Stone Soup version 0.26-a0-682-g294304f6e8 (webtiles) character file.

Game seed: 2063951509527254425

70 Kinoniko the Cudgeler (level 4, 33/35 HPs)
             Began as a Demonspawn Berserker on Oct 21, 2020.
             Was a Believer of Trog.
             Quit the game on level 2 of the Dungeon.
             The game lasted 00:02:16 (1912 turns).

Kinoniko the Cudgeler (Demonspawn Berserker)        Turns: 1912, Time: 00:02:17

Health: 33/35      AC:  2    Str: 18    XL:     4   Next: 3%
Magic:  4/4        EV: 12    Int: 10    God:    Trog [**....]
Gold:   141        SH:  4    Dex: 13    Spells: 3/3 levels left

rFire    . . .     SeeInvis .   a - +0 mace
rCold    . . .     Faith    .   d - +0 buckler
rNeg     . . .     Spirit   .   b - +0 animal skin
rPois    .         Reflect  .   (helmet restricted)
rElec    .         Harm     .   (no cloak)
rCorr    .         Rampage  .   (no gloves)
MR       +....                  (no boots)
Stlth    +.........             (no amulet)
HPRegen  0.11/turn              c - ring of protection from magic
MPRegen  0.09/turn              (no ring)

@: no status effects
A: antennae 1, big brain 1
a: Berserk, Trog's Hand, Renounce Religion


You were on level 2 of the Dungeon.
You worshipped Trog.
Trog was pleased with you.
You visited 1 branch of the dungeon, and saw 2 of its levels.

You collected 141 gold pieces.

Inventory:

Hand Weapons
 a - a +0 mace (weapon)
Armour
 b - a +0 animal skin (worn)
 d - a +0 buckler (worn)
Jewellery
 c - a ring of protection from magic (left hand)
Scrolls
 e - 3 scrolls of teleportation {unknown}
 f - 3 scrolls of identify {unknown}
 h - a scroll of enchant armour {unknown}
 j - 4 scrolls of remove curse {unknown}
 m - a scroll of noise {unknown}
Potions
 g - 2 potions of curing {unknown}
 i - a potion of stabbing {unknown}
 k - a potion of ambrosia {unknown}
 l - a potion of haste {unknown}
 n - a potion of magic {unknown}


   Skills:
 - Level 3.1 Fighting
 * Level 3.6 Maces & Flails
 - Level 1.8 Armour
 - Level 1.8 Dodging
 * Level 2.1 Shields


You had 3 spell levels left.
You didn't know any spells.
Your spell library was empty.

Dungeon Overview and Level Annotations

Branches:
Dungeon (2/15)

Altars:


Innate Abilities, Weirdness & Mutations

You have a pair of small antennae on your head.
You have an unusually large brain. (Int +2)


Message History

No target in view!
No target in view!
No target in view!
No target in view!
No target in view!
No target in view!
No target in view!
No target in view!
No target in view!
No target in view!
No target in view!
No target in view!
No target in view!
No target in view!
No target in view!
You start resting.
You feel yourself speed up.
You start resting.
You recover from your berserk rage.
Are you sure you want to abandon this character and quit the game? (Confirm with "yes".)

..........#
###.....#######
..).......#..... .#
#.....# #....
.......(..#..... .#
#########.###
..........#.....#.#
#.........
..........#.....#.#
#.........
####+######.....#.#
#.........
#.......######.........
#....†.......#........)
#.....@......#.........
####
#............#.........
...#
####.........#.........
.#.#
#...>.....#.........
.#.#######
#...?.....#.........
.#.......#
####'######.........
.#######.#.######.#
##########
.........#......#.#
##.###.########.#.#


There were no monsters in sight!

Vanquished Creatures
  2 adders (D:2)
  2 dart slugs
  3 leopard geckos
  7 bats
  5 giant cockroaches
  3 goblins
  4 hobgoblins
  2 jackals (D:1)
  2 ball pythons
  2 frilled lizards (D:2)
  6 kobolds
  6 rats
44 creatures vanquished.

Notes
Turn   | Place    | Note
-------+----------+-------------------------------------------
     0 | D:1      | Kinoniko the Demonspawn Berserker began the quest for the
                  | Orb.
     0 | D:1      | Reached XP level 1. HP: 18/18 MP: 1/1
   395 | D:1      | Gained mutation: You have an unusually large brain. (Int
                  | +2) [demonic ancestry]
   395 | D:1      | Reached XP level 2. HP: 14/24 MP: 2/2
   641 | D:1      | Reached skill level 1 in Shields
  1318 | D:2      | Gained mutation: You have a pair of small antennae on your
                  | head. [demonic ancestry]
  1318 | D:2      | Reached XP level 3. HP: 22/29 MP: 3/3
  1396 | D:2      | Reached ** piety under Trog
  1860 | D:2      | Reached XP level 4. HP: 35/35 MP: 4/4
  1912 | D:2      | Quit the game

Illustrated notes

Levels and vault maps discovered:
D:1:      minmay_arrival_radiant_lines, layout_basic
D:2:      layout_basic, kennysheep_generic_room_12

Skill      XL: |  1  2  3 |
---------------+----------+-----
Maces & Flails | 3 |  3.6
Shields        | 1 2 |  2.1
Fighting       | |  3.1
Armour         | |  1.8
Dodging        | |  1.8

Action                   |  1- 3 |  4- 6 || total
-------------------------+-------+-------++-------
Melee: Mace              |   120 |     9 ||   129
Invok: Berserk           |     3 |       ||     3
 Stab: Sleeping          |     1 |       ||     1
Armor: Animal skin       |    43 |     4 ||    47
Dodge: Dodged            |    95 |     8 ||   103
Block: Buckler           |    14 |     4 ||    18

Table legend: (Time is in decaauts)
 A = Elapsed time spent in this place.
 B = Non-inter-level travel time spent in this place.
 C = Inter-level travel time spent in this place.
 D = Time resting spent in this place.
 E = Time spent auto-exploring this place.
 F = Levels seen in this place.
 G = Mean time per level.
                   A        B        C        D        E       F      G
               +--------+--------+--------+--------+--------+-----+--------+
         Total |   1970 |   1961 |      9 |    697 |    940 |   2 |  985.0 |
       Dungeon |   1970 |   1961 |      9 |    697 |    940 |   2 |  985.0 |
               +--------+--------+--------+--------+--------+-----+--------+

Top non-repeatable levels by time:
     D:1: 1121 daAuts
     D:2: 848 daAuts
